 Dungeon Crawl Stone Soup version 0.30-a0-54-g2e61a25929 (webtiles) character file.

Game seed: 8597033983802070250

19 IdlyInterested the Chopper (level 2, -1/22 HPs)
             Began as a Formicid Gladiator on Sept 8, 2022.
             Slain by a gnoll
             ... wielding a +0 spear of venom
              (4 damage)
             ... on level 2 of the Dungeon.
             The game lasted 00:02:32 (1114 turns).

IdlyInterested the Chopper (Formicid Gladiator)     Turns: 1114, Time: 00:02:32

Health: -1/22      AC:  3    Str: 18    XL:     2   Next: 95%
Magic:  2/2        EV: 12    Int:  7    God:
Gold:   32         SH:  0    Dex: 15    Spells: 1/1 levels left

rFire   . . .      SeeInvis +    a - +0 war axe
rCold   . . .      Faith    .    (no shield)
rNeg    . . .      Spirit   .    b - +0 leather armour
rPois   .          Reflect  .    (helmet unavailable)
rElec   .          Harm     .    (no cloak)
rCorr   .          Rampage  .    (no gloves)
Will    .....                    (no boots)
Stlth   +.........               (no amulet)
HPRegen 0.07/turn                (no ring)
MPRegen 0.08/turn                (no ring)

@: lethally poisoned (-1 -> -10)
A: permanent stasis, dig shafts and tunnels, antennae 3, four strong arms
a: Dig, Shaft Self


You were on level 2 of the Dungeon.
You visited 1 branch of the dungeon, and saw 2 of its levels.

You collected 32 gold pieces.

Inventory:

Hand Weapons
 a - a +0 war axe (weapon)
Missiles
 c - 3 throwing nets
 d - a javelin
 f - 14 stones (quivered)
Armour
 b - a +0 leather armour (worn)
Scrolls
 i - a scroll of enchant weapon {unknown}
 j - a scroll of blinking {unknown}
Potions
 e - a potion of lignification {unknown}


   Skills:
 - Level 2.1 Fighting
 * Level 3.5 Axes
 - Level 2.0 Throwing
 + Level 2.9 Dodging
 + Level 1.2 Shields


You had one spell level left.
You didn't know any spells.
Your spell library contained the following spells:

 Spells                   Type           Power      Damage    Failure   Level
 Summon Guardian Golem    Hex/Summ       0%         N/A       86%         3
 Orb of Destruction       Conj           0%         9d5       100%        7
 Spellforged Servitor     Conj/Summ      0%         N/A       100%        7


Dungeon Overview and Level Annotations

Branches:
Dungeon (2/15)

Altars:


Innate Abilities, Weirdness & Mutations

You cannot be hasted, slowed, berserked, paralysed or teleported.
You can dig through walls and to a lower floor.
You have a pair of large antennae on your head. (SInv)
Your four strong arms can wield two-handed weapons with a shield.


Message History

You sense a monster nearby. 3 gnolls come into view.
A gnoll is wielding a +0 spear of venom.
Found 4 stones.
The gnoll shouts! x3
A rat comes into view.
The gnoll hits you from afar with a +0 spear of venom.
The rat misses you.
You closely miss the rat. The gnoll closely misses you.
The rat barely misses you.
The gnoll hits you from afar with a +0 spear of venom!
You are lethally poisoned!
The rat bites you but does no damage.
You hit the rat but do no damage.
* * * LOW HITPOINT WARNING * * *
You feel very sick. The gnoll barely misses you. The rat misses you.
The rat attacks as you move away! The rat closely misses you.
* * * LOW HITPOINT WARNING * * *
You feel sick.
You slash the rat!
You kill the rat!
* * * LOW HITPOINT WARNING * * *
You feel sick.
You feel better.
The gnoll throws a throwing net.
The throwing net completely misses you.
You feel much better.
You barely miss the gnoll. The gnoll barely misses you.
The gnoll hits you from afar with a +0 spear of venom.
You are poisoned.
The gnoll hits you with a +0 flail. The gnoll barely misses you.
You barely miss the gnoll.
You feel sick. The gnoll hits you with a +0 flail.
The gnoll hits you from afar with a +0 spear of venom.
You are lethally poisoned!
You closely miss the gnoll.
* * * LOW HITPOINT WARNING * * *
You feel very sick. The gnoll closely misses you.
The gnoll hits you from afar with a +0 spear of venom.
You die...

..##.# ..##.# ### ##
..##.# {{ ... #. ..##.# {
#.#.( ..##.# #.#. ..##.#
#######g. .)...#
.......{# ....###
##########g###.# ..#>##..
...#...@g.....#
#<...#.####.#.#(.##.####
#.#.##...........#..#
######.#....#.......#
#### #.#..#.#..#.#..# #
...# #.#.........#.... .#
######...†..#..#.###.##.#
.......###..............#
######## #.#.....#..#<#


You could see 2 gnolls.

Vanquished Creatures
  A worm (D:2)
  A bat (D:1)
  2 goblins (D:2)
  A hobgoblin (D:1)
  3 kobolds
  2 ball pythons (D:1)
  5 frilled lizards
  3 rats
18 creatures vanquished.

Notes
Turn   | Place    | Note
-------+----------+-------------------------------------------
     0 | D:1      | IdlyInterested the Formicid Gladiator began the quest for
                  | the Orb.
     0 | D:1      | Reached XP level 1. HP: 16/16 MP: 1/1
   260 | D:1      | Found a faded altar of an unknown god.
   270 | D:1      | Reached XP level 2. HP: 22/22 MP: 2/2
   349 | D:1      | Reached skill level 1 in Shields
  1109 | D:2      | HP: 1/22 [poisoned by a gnoll]
  1114 | D:2      | Slain by a gnoll

Illustrated notes

Levels and vault maps discovered:
D:1:      elethiomel_arrival_quiet, layout_rooms, basic_ecumenical_altar,
          hex_tiny, minmay_tree_intersection
D:2:      layout_basic, serial_aquarium, aquarium_bridge_long_joined
          [aquarium_subvault_wall, aquarium_subvault_balcony,
          aquarium_subvault_window, aquarium_subvault_bridge,
          aquarium_subvault_wall, aquarium_subvault_bridge],
          aquarium_window_fake, aquarium_window_fake,
          aquarium_window_corridor_3, aquarium_window_fake, aquarium_view_2g,
          aquarium_view_2b, aquarium_pool_2

Skill      XL: |  1  2 |
---------------+-------+-----
Shields        | 1 |  1.2
Fighting       | |  2.1
Axes           | |  3.5
Throwing       | |  2.0
Dodging        | |  2.9

Action                   || total
-------------------------++-------
Melee: War axe           ||    38
       Punch             ||     1
  Use: Potion            ||     4
 Stab: Sleeping          ||     1
Armor: Leather armour    ||     9
Dodge: Dodged            ||    28

Table legend: (Time is in decaauts)
 A = Elapsed time spent in this place.
 B = Non-inter-level travel time spent in this place.
 C = Inter-level travel time spent in this place.
 D = Time resting spent in this place.
 E = Time spent auto-exploring this place.
 F = Levels seen in this place.
 G = Mean time per level.
                   A        B        C        D        E       F      G
               +--------+--------+--------+--------+--------+-----+--------+
         Total |   1128 |   1015 |    113 |    284 |    527 |   2 |  564.0 |
       Dungeon |   1128 |   1015 |    113 |    284 |    527 |   2 |  564.0 |
               +--------+--------+--------+--------+--------+-----+--------+

Top non-repeatable levels by time:
     D:1: 701 daAuts
     D:2: 427 daAuts
